 Dungeon Crawl Stone Soup version 0.18.1-50-g88ac8fd (webtiles) character file.

105 raph the Poker (level 4, -2/34 HPs)
             Began as a Merfolk Skald on Oct 24, 2016.
             Killed from afar by an orc wizard (10 damage)
             ... with a puff of frost
             ... on level 4 of the Dungeon.
             The game lasted 00:07:26 (3007 turns).

raph the Poker (Merfolk Skald)                      Turns: 3007, Time: 00:07:26

Health: -2/34      AC:  4    Str: 12    XL:     4   Next: 83%
Magic:  5/7        EV: 12    Int: 11    God:
Gold:   152        SH:  0    Dex: 14    Spells: 4 memorised, 0 levels left

rFire  + . .     SeeInvis .     a - +0 spear
rCold  . . .     Gourm    .     l - +1 leather armour {rF+}
rNeg   . . .     Faith    .     (no shield)
rPois  .         Spirit   .     (no helmet)
rElec  .         Dismiss  .     (no cloak)
rCorr  .         Reflect  .     (no gloves)
SustAt .         Harm     .     (no boots)
MR     .....                    (no amulet)
Stlth  +.........               (no ring)
                                (no ring)

@: singing (expiring), not resistant to hostile enchantments, very unstealthy
A: change form in water, swift swim
a: Stop Singing


You were on level 4 of the Dungeon.
You were hungry.

You visited 2 branches of the dungeon, and saw 5 of its levels.

You collected 152 gold pieces.

Inventory:

Hand Weapons
 a - a +0 spear (weapon)
Armour
 b - a +0 leather armour
 l - a +1 leather armour of fire resistance (worn)
Wands
 h - a wand of iceblast (5/15)
 u - a wand of iceblast (6/15)
Scrolls
 k - a scroll of blinking {unknown}
 n - a scroll of magic mapping {unknown}
 o - 6 scrolls of identify {unknown}
 p - a scroll of teleportation {unknown}
 q - 2 scrolls of immolation {unknown}
 r - a scroll of noise {unknown}
 s - a scroll of remove curse {unknown}
Potions
 e - a potion of magic {unknown}
 g - a potion of agility {unknown}
 i - 2 potions of brilliance {unknown}
 m - a potion of heal wounds {unknown}
Books
 c - a book of Battle

   Spells                             Type                      Level
   a - Infusion                       Charms                       1
   b - Shroud of Golubria             Charms/Translocation         2
   c - Song of Slaying                Charms                       2
   d - Spectral Weapon                Hexes/Charms                 3
   e - Regeneration                   Charms/Necromancy            3
Comestibles
 d - a bread ration
 f - 5 meat rations
 j - a beef jerky


   Skills:
 + Level 2.7 Fighting
 * Level 4.5 Polearms
 + Level 1.0 Armour
 + Level 2.2 Dodging
 - Level 2.5 Spellcasting
 * Level 4.1 Charms


You couldn't memorise any spells.
You knew the following spells:

 Your Spells              Type           Power        Failure   Level  Hunger
a - Infusion              Chrm           ##..         10%         1    ##.....
b - Song of Slaying       Chrm           ##......     12%         2    ###....
c - Shroud of Golubria    Chrm/Tloc      #.........   24%         2    ###....
d - Spectral Weapon       Hex/Chrm       #.......     50%         3    ####...


Dungeon Overview and Level Annotations

Branches:
Dungeon (4/15)             Temple (1/1) D:4

Altars:
Cheibriados
Dithmenos
Gozag
Makhleb
Nemelex Xobeh
Pakellas
Qazlal
Ru
Sif Muna
Vehumet
Xom
Yredelemnul
Zin

Annotations:
D:4 Dowan; Duvessa; tyranidshit's ghost, amateur DsAK


Message History

You barely miss the orc wizard.
The orc wizard is lightly wounded.
The orc wizard hits you with a dagger.
You barely miss the orc wizard.
The orc wizard is lightly wounded.
The orc wizard closely misses you.
You closely miss the orc wizard.
The orc wizard is lightly wounded.
The orc wizard misses you.
You hit the orc wizard but do no damage.
The orc wizard is lightly wounded.
Your song is almost over.
The orc wizard points at you and mumbles some strange words.
The magic dart hits you!
The orc priest mumbles some strange prayers to Beogh against you.
Beogh smites you!
* * * LOW HITPOINT WARNING * * *
The orc wizard casts a spell at you. The puff of frost hits you!
You die...

#..###.....### #..#≈≈≈e≈≈≈≈≈#
# #..#≈#...).#≈#.#
#..≈.......≈..#
#..≈.[.....≈...
#..e...>...≈..#
#.o≈.......≈...
################o.≈.......≈..#
#
#.............@oo#≈#.....#≈#..
#.#.#....#########.#≈≈≈≈≈≈≈≈≈#
# #.#.#.##.# #.###.....###
.......#.# #.. ........
.......#.# ##..........
.......#.# .....#.#.#
.......#.# .... #.# .......#..
..... .......#########


You could see Dowan, an orc priest, an orc wizard and 2 orcs.

Vanquished Creatures
  2 adders (D:2)
  2 dart slugs
  4 giant geckos
  4 orcs
  9 bats
  6 giant cockroaches
  6 goblins
  4 hobgoblins
  8 jackals
  9 giant newts
  A jackal skeleton (D:3)
  8 kobolds
  9 rats
72 creatures vanquished.

Notes
Turn   | Place    | Note
--------------------------------------------------------------
     0 | D:1      | raph the Merfolk Skald began the quest for the Orb.
     0 | D:1      | Reached XP level 1. HP: 16/16 MP: 3/3
   317 | D:1      | Reached XP level 2. HP: 19/23 MP: 0/5
   370 | D:1      | Learned a level 2 spell: Song of Slaying
   687 | D:1      | Reached XP level 3. HP: 28/28 MP: 3/6
   885 | D:1      | Learned a level 2 spell: Shroud of Golubria
  1301 | D:2      | Found a snail-covered altar of Cheibriados.
  1310 | D:2      | Found a sparkling altar of Nemelex Xobeh.
  1445 | D:2      | Reached XP level 4. HP: 34/34 MP: 2/7
  1498 | D:2      | Found a burning altar of Makhleb.
  1703 | D:2      | Learned a level 3 spell: Spectral Weapon
  2063 | D:3      | Reached skill level 1 in Armour
  2494 | D:4      | Noticed tyranidshit's ghost (amateur DsAK)
  2691 | D:4      | Found a staircase to the Ecumenical Temple.
  2700 | Temple   | Entered the Ecumenical Temple
  2992 | D:4      | Noticed Dowan
  2994 | D:4      | Noticed Duvessa
  3007 | D:4      | Killed from afar by an orc wizard

Skill      XL: |  1  2  3  4 |
---------------+-------------+-----
Dodging        | 2 |  2.2
Polearms       | 4 |  4.5
Charms         | 4 |  4.1
Armour         | 1 |  1.0
Fighting       | |  2.7
Spellcasting   | |  2.5

Action                   |  1- 3 |  4- 6 || total
-------------------------+-------+-------++-------
Melee: Spear             |   168 |    78 ||   246
 Cast: Infusion          |    12 |     8 ||    20
       Song of Slaying   |     5 |     3 ||     8
       Shroud of Golubri |     2 |     3 ||     5
 Stab: Sleeping          |       |     3 ||     3
  Eat: Chunk             |     3 |     5 ||     8
Armor: Leather armour    |    65 |    22 ||    87
Dodge: Dodged            |   129 |    43 ||   172
